 Dungeon Crawl Stone Soup version 0.28.0-53-g5a82cb258f (webtiles) character file.

Game seed: 13974133280732119382

164 Metae the Skirmisher (level 5, -6/50 HPs)
             Began as a Minotaur Fighter on July 11, 2022.
             Killed by divine providence
             ... invoked by an orc priest
              (10 damage)
             ... on level 2 of the Dungeon.
             The game lasted 00:06:48 (2929 turns).

Metae the Skirmisher (Minotaur Fighter)             Turns: 2929, Time: 00:06:49

Health: -6/50      AC:  6    Str: 23    XL:     5   Next: 21%
Magic:  4/4        EV:  9    Int:  5    God:
Gold:   107        SH:  4    Dex:  9    Spells: 4/4 levels left

rFire   . . .      SeeInvis .   a - +0 long sword
rCold   . . .      Faith    .   c - +0 buckler
rNeg    . . .      Spirit   .   b - +0 scale mail
rPois   .          Reflect  .   (helmet restricted)
rElec   .          Harm     .   (no cloak)
rCorr   .          Rampage  .   (no gloves)
Will    .....                   (no boots)
Stlth   ..........              (no amulet)
HPRegen 0.16/turn               (no ring)
MPRegen 0.09/turn               (no ring)

@: no status effects
A: horns 2, retaliatory headbutt
a: no special abilities


You were on level 2 of the Dungeon.
You visited 1 branch of the dungeon, and saw 3 of its levels.

You collected 107 gold pieces.

Inventory:

Hand Weapons
 a - a +0 long sword (weapon)
Missiles
 e - 6 poisoned darts (quivered)
 i - 12 sling bullets
 n - 4 boomerangs
Armour
 b - a +0 scale mail (worn)
 c - a +0 buckler (worn)
Scrolls
 f - a scroll of magic mapping {unknown}
 g - a scroll of fog {unknown}
 k - a scroll of brand weapon {unknown}
 l - a scroll of fear {unknown}
 m - a scroll of teleportation {unknown}
Potions
 d - a potion of might
 h - 2 potions of heal wounds {unknown}
 j - 3 potions of brilliance {unknown}


   Skills:
 + Level 5.7 Fighting
 + Level 4.9 Long Blades
 - Level 3.6 Armour
 - Level 3.6 Shields


You had 4 spell levels left.
You didn't know any spells.
Your spell library was empty.

Dungeon Overview and Level Annotations

Branches:
Dungeon (3/15)

Altars:

Shops:
D:2 *


Innate Abilities, Weirdness & Mutations

You have a pair of horns on your head.
You reflexively headbutt those who attack you in melee.


Message History

Deactivating autopickup; reactivate with Ctrl-A.
You slash something! Something hits you but does no damage.
You hit something.
Reactivating autopickup.
You feel a bit more experienced.
Things that are here:
a +0 dagger; a +0 robe You start resting.
HP restored.
There is a stone staircase leading down here.
You can't go up here!
You can't go up here!
You climb downwards.
You block the orc's attack. The worm bites you!
The orc hits you but does no damage.
There is a stone staircase leading up, spattered with blood here.
You hit the orc. You headbutt the orc.
You kill the orc!
The worm bites you! The orc priest hits you with a +0 mace.
The orc wizard mumbles some strange words.
The orc wizard flickers and vanishes!
Deactivating autopickup; reactivate with Ctrl-A.
The orc priest hits you but does no damage.
You climb upwards.
Reactivating autopickup.
There is a stone staircase leading down here.
You closely miss the orc priest. The worm bites you.
The orc priest closely misses you.
You barely miss the orc priest.
The orc priest calls down the wrath of Beogh upon you.
Pain shoots through your body! The worm bites you but does no damage.
You slash the orc priest!
The orc priest is almost dead.
The orc priest invokes the aid of Beogh against you.
Beogh smites you!
* * * LOW HITPOINT WARNING * * *
You closely miss the orc priest.
The orc priest is almost dead.
The orc priest mumbles some strange prayers to Beogh against you.
Beogh smites you!
You die...

.# .## ..# .## .#
###### .# #....#
.###### #....#
.#....#########....#
...............[@o.#
.#.....########.w..#
.#####.# #....# .#
#.# ###### .#
#.##### .# #.....#
.# #.....# .#
#.....# .# #.....#


You could see a worm and an orc priest.

Vanquished Creatures
  An orc wizard (D:2)
  4 gnolls
  5 worms
  3 dart slugs
  4 orcs (D:3)
  8 bats
  7 endoplasms
  3 giant cockroaches (D:1)
  4 hobgoblins
  8 jackals
  2 quokkas
  6 ball pythons
  3 frilled lizards
  A goblin (D:1)
  9 kobolds
  5 rats
73 creatures vanquished.

Vanquished Creatures (others)
  5 fungi (D:1)
  3 plants (D:1)
8 creatures vanquished.

Grand Total: 81 creatures vanquished

Notes
Turn   | Place    | Note
-------+----------+-------------------------------------------
     0 | D:1      | Metae the Minotaur Fighter began the quest for the Orb.
     0 | D:1      | Reached XP level 1. HP: 19/19 MP: 0/0
    61 | D:1      | Reached skill level 4 in Fighting
    93 | D:1      | Reached XP level 2. HP: 21/27 MP: 1/1
   393 | D:1      | Found a faded altar of an unknown god.
   627 | D:1      | Reached XP level 3. HP: 34/34 MP: 2/2
  1051 | D:2      | Found Lyteghap's Assorted Antiques.
  1095 | D:2      | Reached XP level 4. HP: 30/41 MP: 3/3
  1390 | D:2      | Reached skill level 5 in Fighting
  2459 | D:3      | Reached XP level 5. HP: 41/48 MP: 4/4
  2929 | D:2      | Killed from afar by an orc priest

Illustrated notes

Levels and vault maps discovered:
D:1:      ebering_hopf_link, layout_basic, shapermc_ecumenical_altar_hornbeckon
D:2:      layout_basic, serial_shops, nicolae_shop_advertising_works
          [nicolae_subvault_shop_adworks]
D:3:      layout_basic, wad_floor_pattern_2

Skill      XL: |  1  2  3  4 |
---------------+-------------+-----
Fighting       | 4 5 |  5.7
Long Blades    | 3 4 |  4.9
Armour         | |  3.6
Shields        | |  3.6

Action                   |  1- 3 |  4- 6 || total
-------------------------+-------+-------++-------
Melee: Long sword        |    73 |    64 ||   137
       Headbutt          |    12 |     6 ||    18
Armor: Scale mail        |    29 |    28 ||    57
Dodge: Dodged            |    42 |    42 ||    84
Block: Buckler           |    18 |    10 ||    28
